 Dungeon Crawl Stone Soup version 0.25.1-2-g60ff931df9 (webtiles) character file.

Game seed: 4929224524872394609

47 Gildeon the Cudgeler (level 3, 22/23 HPs)
             Began as a Gargoyle Fighter on Oct 31, 2020.
             Quit the game on level 2 of the Dungeon.
             The game lasted 00:01:57 (1349 turns).

Gildeon the Cudgeler (Gargoyle Fighter)             Turns: 1349, Time: 00:01:57

Health: 22/23      AC: 10    Str: 20    XL:     3   Next: 70%
Magic:  3/3        EV:  7    Int:  8    God:
Gold:   68         SH:  9    Dex:  9    Spells: 2/2 levels left

rFire    . . .     SeeInvis .   a - +0 flail
rCold    . . .     Gourm    .   c - +0 kite shield
rNeg     + . .     Faith    .   b - +0 scale mail
rPois    ∞         Spirit   .   (no helmet)
rElec    +         Reflect  .   (no cloak)
rCorr    .         Harm     .   (no gloves)
MR       .....                  (no boots)
Stlth    ..........             (no amulet)
HPRegen  0.07/turn              (no ring)
MPRegen  0.08/turn              (no ring)

@: no status effects
A: negative energy resistance 1, electricity resistance, unbreathing,
petrification resistance, rot immunity, AC +3
a: no special abilities


You were on level 2 of the Dungeon.
You were hungry.

You visited 1 branch of the dungeon, and saw 2 of its levels.

You collected 68 gold pieces.

Inventory:

Hand Weapons
 a - a +0 flail (weapon)
Armour
 b - a +0 scale mail (worn)
 c - a +0 kite shield (worn)
Scrolls
 e - 2 scrolls of fog {unknown}
 g - a scroll of immolation {unknown}
 h - a scroll of enchant weapon {unknown}
 j - a scroll of identify {unknown}
 k - a scroll of amnesia {unknown}
 l - a scroll of teleportation {unknown}
Potions
 d - a potion of might
Comestibles
 f - 3 rations
 i - 7 chunks of flesh


   Skills:
 - Level 3.2 Fighting
 + Level 3.9 Maces & Flails
 - Level 3.2 Armour
 - Level 3.2 Shields


You had 2 spell levels left.
You didn't know any spells.
Your spell library was empty.

Dungeon Overview and Level Annotations

Branches:
Dungeon (2/15)

Altars:


Innate Abilities, Weirdness & Mutations

You are resistant to torment.
Your stone body is resilient. (AC +3)
You are immune to poison.
You resist negative energy. (rN+)
You are resistant to electric shocks. (rElec)
You can survive without breathing.
You are immune to petrification.
You are immune to rotting.


Message History

Your shield and scale mail prevent you from hitting the jackal.
The jackal bites you but does no damage. x2
The jackal closely misses you.
You sock the jackal!
You kill the jackal!
The jackal closely misses you.
The jackal bites you but does no damage.
The jackal bites you but does no damage. x2
You closely miss the jackal.
The jackal bites you but does no damage.
You hit the jackal.
The jackal is severely wounded.
You block the jackal's attack. The jackal barely misses you.
Your shield prevents you from hitting the jackal.
The jackal is severely wounded.
You block the jackal's attack. x2
You hit the jackal.
You kill the jackal!
You see here a jackal corpse.
Are you sure you want to abandon this character and quit the game? (Confirm with "yes".)

#.#+#.#.#...(######.#
##.......#.)..#### #.#
.........'.........#.#
##.......###.#####.#.#
.........# #..# #.#
##......####.# #.#
########.........# .#
.........#.....#.#
#####.##@#.##..#.# #
#..#.# ..# #....# .#
....## # ......
#####.## .# ##


There were no monsters in sight!

Vanquished Creatures
  An ooze (D:1)
  A worm (D:1)
  2 dart slugs (D:1)
  A leopard gecko (D:1)
  A giant cockroach (D:1)
  A goblin (D:1)
  5 hobgoblins
  5 jackals (D:2)
  2 kobolds (D:1)
  7 bats
  7 rats (D:1)
33 creatures vanquished.

Notes
Turn   | Place    | Note
-------+----------+-------------------------------------------
     0 | D:1      | Gildeon the Gargoyle Fighter began the quest for the Orb.
     0 | D:1      | Reached XP level 1. HP: 14/14 MP: 1/1
   257 | D:1      | Reached XP level 2. HP: 14/19 MP: 2/2
   817 | D:1      | Reached XP level 3. HP: 23/23 MP: 3/3
  1349 | D:2      | Quit the game

Illustrated notes

Levels and vault maps discovered:
D:1:      dpeg_arrival_brainrot, layout_loops_corners, minmay_pentomino_s2
D:2:      layout_basic

Skill      XL: |  1  2 |
---------------+-------+-----
Maces & Flails | 3 |  3.9
Fighting       | |  3.2
Armour         | |  3.2
Shields        | |  3.2

Action                   || total
-------------------------++-------
Melee: Flail             ||   108
  Eat: Chunk             ||     1
Armor: Scale mail        ||    79
Dodge: Dodged            ||    48
Block: Kite shield       ||    76
